 Dungeon Crawl Stone Soup version 0.26.0-45-g9c1d065592 (webtiles) character file.

Game seed: 8054255068887089680

70 trckry the Bolt Thrower (level 4, -1/27 HPs)
             Began as a Tengu Hunter on Jan 27, 2021.
             Slain by Crazy Yiuf
             ... wielding a +4 quarterstaff of chaos
              (12 damage)
             ... on level 2 of the Dungeon.
             The game lasted 00:05:08 (2049 turns).

trckry the Bolt Thrower (Tengu Hunter)              Turns: 2049, Time: 00:05:09

Health: -1/27      AC:  3    Str: 14    XL:     4   Next: 22%
Magic:  5/5        EV: 13    Int: 11    God:
Gold:   44         SH:  0    Dex: 14    Spells: 3/3 levels left

rFire    . . .     SeeInvis .   b - +2 dagger (venom)
rCold    . . .     Faith    .   (no shield)
rNeg     . . .     Spirit   .   c - +0 leather armour
rPois    .         Reflect  .   (helmet restricted)
rElec    .         Harm     .   (no cloak)
rCorr    .         Rampage  .   (no gloves)
Will     .....                  (boots unavailable)
Stlth    +.........             (no amulet)
HPRegen  0.09/turn              (no ring)
MPRegen  0.09/turn              (no ring)

@: lethally poisoned (-1 -> -14)
A: beak, talons 3
a: no special abilities


You were on level 2 of the Dungeon.
You visited 1 branch of the dungeon, and saw 2 of its levels.

You collected 44 gold pieces.

Inventory:

Hand Weapons
 a - a +1 hand crossbow
 b - a +2 dagger of venom (weapon)
Missiles
 d - 19 bolts
Armour
 c - a +0 leather armour (worn)
Scrolls
 e - 2 scrolls of teleportation {unknown}
Potions
 f - a potion of berserk rage {unknown}


   Skills:
 + Level 2.3 Fighting
 * Level 5.0 Crossbows
 + Level 1.2 Armour
 + Level 2.8 Dodging
 - Level 1.0 Stealth
 + Level 0.8 Invocations
 + Level 0.9 Evocations


You had 3 spell levels left.
You didn't know any spells.
Your spell library was empty.

Dungeon Overview and Level Annotations

Branches:
Dungeon (2/15)

Altars:

Annotations:
D:2 Crazy Yiuf


Innate Abilities, Weirdness & Mutations

You have a beak for a mouth.
You have claws for feet.


Message History

Here: Crazy Yiuf, wielding a +4 quarterstaff of chaos and wearing a +0 cloak (fire blocked by a runed translucent door)
The floor.
Unknown command.
Unknown command.
You open the door. You hit Crazy Yiuf.
Crazy Yiuf is lightly wounded.
Crazy Yiuf hits you with a +4 quarterstaff of chaos.
You are poisoned.
You hit Crazy Yiuf.
Crazy Yiuf is moderately wounded.
You feel sick.
Crazy Yiuf yells, "Cod!
Fluff foot snail."
Crazy Yiuf closely misses you.
You closely miss Crazy Yiuf.
Crazy Yiuf is moderately wounded.
You feel sick.
Crazy Yiuf hits you with a +4 quarterstaff of chaos!
You are electrocuted!
You die...

#.####+..+#########
#. #....# ♣.P..♣
♣.P.♣♣ ♣♣.♣♣ ♣.♣♣
♣♣.♣ ♣.♣♣ ♣♣@♣ #g#
... #...# #..)#
#####


You could see Crazy Yiuf.

Vanquished Creatures
  Robin (D:2)
  A worm (D:1)
  A dart slug (D:1)
  A leopard gecko (D:1)
  4 bats (D:1)
  3 giant cockroaches (D:1)
  15 goblins
  6 hobgoblins (D:1)
  10 kobolds
  A frilled lizard (D:1)
  3 rats (D:1)
46 creatures vanquished.

Vanquished Creatures (others)
  A plant (D:1)
1 creature vanquished.

Grand Total: 47 creatures vanquished

Notes
Turn   | Place    | Note
-------+----------+-------------------------------------------
     0 | D:1      | trckry the Tengu Hunter began the quest for the Orb.
     0 | D:1      | Reached XP level 1. HP: 12/12 MP: 2/2
   295 | D:1      | Reached XP level 2. HP: 16/17 MP: 3/3
   793 | D:1      | Reached XP level 3. HP: 21/21 MP: 4/4
  1249 | D:1      | Reached skill level 1 in Armour
  1697 | D:2      | Noticed Robin
  1827 | D:2      | Reached skill level 5 in Crossbows
  1853 | D:2      | Killed Robin
  1854 | D:2      | Reached XP level 4. HP: 12/26 MP: 5/5
  2042 | D:2      | Found a runed translucent door.
  2043 | D:2      | Noticed Crazy Yiuf
  2049 | D:2      | Slain by Crazy Yiuf

Illustrated notes

Levels and vault maps discovered:
D:1:      onia_arrival_mini_maze_b, layout_loops_corners, serial_bayou_ford_a,
          minmay_fountain_box
D:2:      layout_basic, tso_altar, uniq_robin, uniq_crazy_yiuf_cottage

Skill      XL: |  1  2  3 |
---------------+----------+-----
Armour         | 1 |  1.2
Crossbows      | 5 |  5.0
Fighting       | |  2.3
Dodging        | |  2.8
Stealth        | |  1.0
Invocations    | |  0.8
Evocations     | |  0.9

Action                   |  1- 3 |  4- 6 || total
-------------------------+-------+-------++-------
Melee: Short sword       |    53 |       ||    53
       Kick              |    22 |     1 ||    23
       Peck              |    11 |     1 ||    12
       Hand axe          |    36 |       ||    36
       Dagger            |    18 |    17 ||    35
 Fire: Hand crossbow     |     2 |       ||     2
  Use: Potion            |     1 |       ||     1
 Stab: Sleeping          |     1 |       ||     1
Armor: Leather armour    |    25 |     3 ||    28
Dodge: Dodged            |    79 |     9 ||    88
